 Dungeon Crawl Stone Soup version 0.27.0 (webtiles) character file.

Game seed: 1119552886014854670

53 Hildebrand the Covered (level 3, -1/31 HPs)
             Began as a Minotaur Berserker on July 30, 2021.
             Was a Follower of Trog.
             Slain by an adder (2 damage)
             ... on level 2 of the Dungeon.
             The game lasted 00:05:05 (1357 turns).

Hildebrand the Covered (Minotaur Berserker)         Turns: 1357, Time: 00:05:06

Health: -1/31      AC:  2    Str: 21    XL:     3   Next: 64%
Magic:  2/2        EV: 12    Int:  5    God:    Trog [*.....]
Gold:   39         SH:  0    Dex:  9    Spells: 2/2 levels left

rFire    . . .     SeeInvis .   a - +0 hand axe
rCold    . . .     Faith    .   (no shield)
rNeg     . . .     Spirit   .   b - +0 animal skin
rPois    .         Reflect  .   (helmet restricted)
rElec    .         Harm     .   (no cloak)
rCorr    .         Rampage  .   (no gloves)
Will     ++...                  (no boots)
Stlth    +.........             (no amulet)
HPRegen  1.10/turn              (no ring)
MPRegen  0.08/turn              (no ring)

@: lethally poisoned (-1 -> -1), strong-willed, regenerating
A: horns 2, retaliatory headbutt
a: Renounce Religion, Berserk


You were on level 2 of the Dungeon.
You worshipped Trog.
Trog was aware of your devotion.
You visited 1 branch of the dungeon, and saw 2 of its levels.

You collected 39 gold pieces.

Inventory:

Hand Weapons
 a - a +0 hand axe (weapon)
Armour
 b - a +0 animal skin (worn)
Scrolls
 c - a scroll of enchant weapon {unknown}
Potions
 e - a potion of degeneration {unknown}
 f - 2 potions of haste


   Skills:
 - Level 3.6 Fighting
 - Level 3.6 Axes
 * Level 3.9 Armour
 * Level 3.5 Dodging


You had 2 spell levels left.
You didn't know any spells.
Your spell library was empty.

Dungeon Overview and Level Annotations

Branches:
Dungeon (2/15)

Altars:


Innate Abilities, Weirdness & Mutations

You have a pair of horns on your head.
You reflexively headbutt those who attack you in melee.


Message History

You kill the endoplasm!
Trog accepts your kill.
You can now call upon Trog for regeneration and willpower.
An adder comes into view.
A kobold comes into view. It is wielding a +0 short sword.
Found a plate armour.
Found a cloak.
The adder hisses angrily.
The kobold blocks your attack. The kobold closely misses you.
The kobold blocks your attack.
You closely miss the adder. The adder bites you.
You are poisoned.
The adder poisons you! The kobold closely misses you. The adder bites you.
You are more poisoned.
The adder poisons you!
You slash the adder!
The adder is heavily wounded.
The kobold blocks your attack.
You feel very sick. The adder closely misses you. You furiously retaliate!
You headbutt the adder.
The kobold hits you with a +0 short sword.
* * * LOW HITPOINT WARNING * * *
Your skin crawls.
You feel strong-willed.
You can no longer call upon Trog for regeneration and willpower.
You feel sick. The adder bites you.
* * * LOW HITPOINT WARNING * * *
The kobold closely misses you. You furiously retaliate!
You headbutt the kobold.
You kill the kobold!
Trog accepts your kill. The adder bites you but does no damage.
You hit the adder.
The adder is almost dead.
You feel sick. The adder bites you.
* * * LOW HITPOINT WARNING * * *
Unknown command.
You closely miss the adder.
The adder is almost dead.
You feel sick. The adder bites you.
You die...

##..#..##.###
#..##.##..#
.#.....#..##
.........##
........##
........#
.#.##...# #
#...##########
...S..#.S@)..[....
..#########.......
#...... ..[...
..... ..... ....
....


You could see an adder.

Vanquished Creatures
  A hound (D:2)
  2 endoplasms
  3 giant cockroaches
  3 hobgoblins
  2 jackals (D:1)
  4 quokkas
  2 ball pythons (D:1)
  A bat (D:1)
  A frilled lizard (D:1)
  2 kobolds (D:2)
  3 rats
24 creatures vanquished.

Notes
Turn   | Place    | Note
-------+----------+-------------------------------------------
     0 | D:1      | Hildebrand the Minotaur Berserker began the quest for the
                  | Orb.
     0 | D:1      | Reached XP level 1. HP: 19/19 MP: 0/0
   194 | D:1      | Found a faded altar of an unknown god.
   453 | D:1      | Reached XP level 2. HP: 26/26 MP: 1/1
  1302 | D:2      | Reached XP level 3. HP: 15/31 MP: 2/2
  1336 | D:2      | Reached ** piety under Trog
  1357 | D:2      | HP: 1/31 [poisoned by an adder]
  1357 | D:2      | Slain by an adder

Illustrated notes

Levels and vault maps discovered:
D:1:      onia_arrival_mini_spirals, layout_basic, basic_ecumenical_altar
D:2:      layout_rooms

Skill      XL: |  1  2 |
---------------+-------+-----
Armour         | 3 |  3.9
Dodging        | 3 |  3.5
Fighting       | |  3.6
Axes           | |  3.6

Action                   || total
-------------------------++-------
Melee: Hand axe          ||    60
       Headbutt          ||     3
Invok: Trog's Hand       ||     1
  Use: Scroll            ||     2
Armor: Animal skin       ||    18
Dodge: Dodged            ||    45
